cohdb
Replays
Latest Replays
All Replays
Popular Replays
Top Player Replays
Match Explorer
How It Works
Community
CoH3 Stats
Reddit
Sign in to upload your games and track your stats! →
Sign in with Steam
Match 41440550
Unlisted
Match 41440550
Overview
Messages
Build Orders
End
Selects Special Operations Battlegroup
Selects M29 Weasel Recon Vehicle
M29 Weasel Recon Vehicle
Construct Barracks
Riflemen Squad
Riflemen Squad
Riflemen Squad
Infantry Support Center
Grenade Package
Construct Weapon Support Center
M3 Armored Personnel Carrier
M1918 Browning Automatic Rifles
Riflemen Squad
Construct Medical Station
Selects Smoke Screen
Smoke Screen
Construct Tank Depot
Selects P-47 Anti-Infantry Loiter
Selects UNKNOWN (2162291)
P-47 Anti-Infantry Loiter
M4A1 Sherman Whizbang
Smoke Screen
M4A1 Sherman Medium Tank
Selects SSF Commando Squad
P-47 Anti-Infantry Loiter
Selects Assault Operation
M4A1 Sherman Medium Tank
Smoke Screen
P-47 Anti-Infantry Loiter
M4A1 Sherman Medium Tank
STALKER4732
SoyaLors
ezh
Devochkin
zaro
Fire
UneXplain
Fratley
0
0
Comments
sign in to comment!
No comments posted yet!